 Dungeon Crawl Stone Soup version 0.28.0-1-gb440e238dd (webtiles) character file.

Game seed: 1025187214210722532

9 Jaqob the Skirmisher (level 2, 0/26 HPs)
             Began as a Draconian Berserker on Feb 23, 2022.
             Was a Follower of Trog.
             Slain by a frilled lizard (1 damage)
             ... on level 1 of the Dungeon.
             The game lasted 00:00:47 (316 turns).

Jaqob the Skirmisher (Draconian Berserker)           Turns: 316, Time: 00:00:48

Health: 0/26       AC:  4    Str: 19    XL:     2   Next: 3%
Magic:  2/2        EV: 12    Int:  7    God:    Trog [*.....]
Gold:   32         SH:  0    Dex: 10    Spells: 1/1 levels left

rFire   . . .      SeeInvis .   a - +0 falchion
rCold   . . .      Faith    .   (no shield)
rNeg    . . .      Spirit   .   (armour unavailable)
rPois   .          Reflect  .   (helmet restricted)
rElec   .          Harm     .   (no cloak)
rCorr   .          Rampage  .   (no gloves)
Will    .....                   (no boots)
Stlth   +.........              (no amulet)
HPRegen 0.08/turn               (no ring)
MPRegen 0.08/turn               (no ring)

@: no status effects
A: AC +4, unfitting armour, cold-blooded
a: Renounce Religion, Berserk


You were on level 1 of the Dungeon.
You worshipped Trog.
Trog was aware of your devotion.
You visited 1 branch of the dungeon, and saw 1 of its levels.

You collected 32 gold pieces.

Inventory:

Hand Weapons
 a - a +0 falchion (weapon)
Scrolls
 b - 2 scrolls of teleportation {unknown}
Potions
 c - 3 potions of haste {unknown}
 d - a potion of cancellation {unknown}


   Skills:
 + Level 3.5 Fighting
 + Level 3.2 Long Blades
 + Level 2.9 Dodging


You had one spell level left.
You didn't know any spells.
Your spell library was empty.

Dungeon Overview and Level Annotations

Branches:
Dungeon (1/15)

Altars:


Innate Abilities, Weirdness & Mutations

Your plain brown scales are hard. (AC +4)
You cannot fit into any form of body armour.
You are cold-blooded and may be slowed by cold attacks.


Message History

The frilled lizard barely misses you.
You closely miss the quokka.
The frilled lizard bites you but does no damage.
The quokka bites you. The frilled lizard barely misses you.
You hit the quokka.
The quokka is almost dead.
The quokka bites you. The quokka misses you. The frilled lizard bites you.
You barely miss the quokka.
The quokka is almost dead.
The quokka bites you. The frilled lizard closely misses you.
You miss the quokka.
The quokka is almost dead.
The quokka closely misses you.
The frilled lizard bites you but does no damage.
The quokka closely misses you.
You closely miss the quokka.
Your tail-slap misses the quokka.
The quokka is almost dead.
The frilled lizard closely misses you. The quokka misses you.
Unknown command.
You closely miss the quokka.
Your tail-slap misses the quokka.
The quokka is almost dead.
The quokka completely misses you. The frilled lizard bites you.
You closely miss the quokka.
The quokka is almost dead.
The quokka barely misses you. The frilled lizard misses you.
The quokka misses you.
You miss the quokka.
The quokka is almost dead.
The frilled lizard bites you. The quokka bites you.
* * * LOW HITPOINT WARNING * * *
The frilled lizard bites you.
* * * LOW HITPOINT WARNING * * *
You slash the quokka!
You kill the quokka!
Trog accepts your kill.
The frilled lizard bites you but does no damage.
You have reached level 2!
You closely miss the frilled lizard. The frilled lizard closely misses you.
You closely miss the frilled lizard. The frilled lizard bites you.
You die...

#.† .# ...# . ##.
##. .##...# .... #.
.. ...... ....##.
#.###..... .
........
#.......#..#
.....#.. #####
#.......#..#
..#..... #...#
#..l†.......
.......
#...####...@.......
.....#..
#......#.#...#.#.#.
.......#
##.....#...?.......
.#.####
#.....#.#...#.#.##
# ##
#.....#.#.....# #.
#.....#.##.#### ##.
####.....'...[# #..
#........#.#### #..
#.....)..#.######
...#..


You could see a frilled lizard.

Vanquished Creatures
  An endoplasm (D:1)
  A giant cockroach (D:1)
  A kobold (D:1)
  2 quokkas (D:1)
  2 bats (D:1)
  A frilled lizard (D:1)
8 creatures vanquished.

Notes
Turn   | Place    | Note
-------+----------+-------------------------------------------
     0 | D:1      | Jaqob the Draconian Berserker began the quest for the Orb.
     0 | D:1      | Reached XP level 1. HP: 19/19 MP: 1/1
   175 | D:1      | Found a faded altar of an unknown god.
   315 | D:1      | Reached XP level 2. HP: 1/26 MP: 2/2
   316 | D:1      | Slain by a frilled lizard

Illustrated notes

Levels and vault maps discovered:
D:1:      giann_horns, layout_basic, hellmonk_ecumenical_altar_zigzags

Action                   || total
-------------------------++-------
Melee: Falchion          ||    33
       Tailslap          ||     1
Armor: Skin              ||    11
Dodge: Dodged            ||    32
